 Dungeon Crawl Stone Soup version 0.23-b1-13-gf37ab262a9 (webtiles) character file.

Game seed: 13298085710078408825

218466 Peloso the Hoplite (level 18, -10/168 HPs)
             Began as a Minotaur Fighter on Feb 3, 2019.
             Was the Champion of Okawaru.
             Mangled by a shambling mangrove (27 damage)
             ... on level 4 of the Swamp.
             The game lasted 02:07:59 (40375 turns).

Peloso the Hoplite (Minotaur Fighter)              Turns: 40375, Time: 02:08:00

Health: -10/168    AC: 25    Str: 29    XL:     18   Next: 41%
Magic:  18/18      EV:  7    Int: 13    God:    Okawaru [******]
Gold:   3294       SH: 26    Dex: 12    Spells: 17/17 levels left

rFire    . . .     SeeInvis +   a - +2 demon blade (elec)
rCold    + . .     Gourm    .   g - +1 large shield {AC+3}
rNeg     + + .     Faith    +   B - +2 plate armour {rF+}
rPois    +         Spirit   .   i - +1 hat
rElec    .         Reflect  .   p - +0 cloak of the Midnight Sun {rN+ Stlth+}
rCorr    .         Harm     .   E - +0 pair of gloves {archery}
MR       +....                  u - +2 pair of boots
Stlth    ..........             K - amulet of faith
HPRegen  0.38/turn              n - ring of poison resistance
MPRegen  0.16/turn              P - ring of Wonder {Ice rN+ Str+2 Int+8 SInv}

@: grasped by roots, hasted, constricted, very quick
A: retaliatory headbutt, horns 2, deformed body
}: 1/15 runes: gossamer
a: Heroism, Finesse, Renounce Religion


You were on level 4 of the Swamp.
You worshipped Okawaru.
Okawaru was exalted by your worship.
You were not hungry.

You visited 6 branches of the dungeon, and saw 32 of its levels.
You also visited: Ossuary, Gauntlet, Ice Cave and Volcano.

You collected 4278 gold pieces.
You spent 984 gold pieces at shops.

Inventory:

Hand Weapons
 a - a +2 demon blade of electrocution (weapon)
 b - a +3 scimitar of flaming
 k - the +7 falchion of Compound Interest {slice, -Tele rN++ MR+++ Str-3}
   (Okawaru gifted it to you on level 2 of the Spider Nest)

   It inflicts extra damage upon your enemies.
   It affects your strength (-3).
   It greatly protects you from negative energy.
   It affects your resistance to hostile enchantments.
   It prevents most forms of teleportation.
 J - the +6 dire flail "Zawim" {crush, Str+2, unknown}
   (You found it on level 4 of the Spider Nest)

   It inflicts extra damage upon your enemies.
   It affects your strength (+2).
Armour
 g - a +1 large shield of protection (worn)
 i - a +1 hat (worn)
 p - the +0 cloak of the Midnight Sun (worn) {rN+ Stlth+}
   (Okawaru gifted it to you on level 6 of the Lair of Beasts)

   It protects you from negative energy.
   It makes you more stealthy.
 u - a +2 pair of boots (worn)
 B - a +2 plate armour of fire resistance (worn)
 E - a +0 pair of gloves of archery (worn)
Jewellery
 c - an uncursed ring of protection from magic
 h - an uncursed ring of protection from magic
 n - a ring of poison resistance (left hand)
 D - the ring "Arauluin" {+Inv rC+ Str+4 Int+3 Stlth-}
   (You took it off a minotaur in a Gauntlet)

   [ring of protection from cold]

   It affects your strength (+4).
   It affects your intelligence (+3).
   It protects you from cold.
   It lets you turn invisible.
   It makes you less stealthy.
 K - an amulet of faith (around neck)
 P - the ring of Wonder (right hand) {Ice rN+ Str+2 Int+8 SInv}
   (You found it on level 9 of the Dungeon)

   [ring of ice]

   It enhances your ice magic.
   It affects your strength (+2).
   It affects your intelligence (+8).
   It makes you vulnerable to fire.
   It protects you from cold.
   It protects you from negative energy.
   It lets you see invisible.
 S - the ring of Ahymath {EV+2 Str+6}
   (You found it in a Gauntlet)

   [ring of evasion]

   It affects your evasion (+2).
   It affects your strength (+6).
Wands
 q - a wand of scattershot (3)
 y - a wand of disintegration (12)
 I - a wand of clouds (6)
Scrolls
 d - a scroll of fog
 o - 3 scrolls of teleportation
 r - 18 scrolls of identify
 s - a scroll of enchant weapon
 x - 19 scrolls of remove curse
 C - 4 scrolls of magic mapping
 H - a scroll of brand weapon
 L - 2 scrolls of noise
 R - 2 scrolls of summoning
 Z - 2 scrolls of fear
Potions
 e - 13 potions of curing
 j - 5 potions of resistance
 l - 4 potions of flight
 m - 5 potions of brilliance
 t - 4 potions of agility
 w - 3 potions of might
 z - 6 potions of berserk rage
 A - a potion of magic
 F - a potion of invisibility
 G - 3 potions of haste
 M - 2 potions of cancellation
 X - 5 potions of ambrosia
Comestibles
 f - 48 rations
 N - 8 chunks of flesh


   Skills:
 + Level 16.8 Fighting
   Level 5.3(11.8) Short Blades
 + Level 17.1(17.4) Long Blades
 + Level 13.0 Maces & Flails
 + Level 16.3 Armour
 + Level 5.9 Dodging
 + Level 2.3 Stealth
 + Level 22.3 Shields
 + Level 1.9 Invocations
 + Level 2.0 Evocations


You had 17 spell levels left.
You didn't know any spells.
Your spell library contained the following spells:

 Spells                   Type           Power        Failure   Level  Hunger
 Animate Skeleton         Necr           N/A          93%         1    ##.....
 Corona                   Hex            #......      93%         1    ##.....
 Magic Dart               Conj           #...         93%         1    ##.....
 Pain                     Necr           #...         93%         1    ##.....
 Blink                    Tloc           N/A          98%         2    ###....
 Call Imp                 Summ           #.......     98%         2    ###....
 Ensorcelled Hibernation  Hex/Ice        #.....       98%         2    ###....
 Slow                     Hex            #.......     98%         2    ###....
 Confuse                  Hex            #.......     100%        3    ####...
 Conjure Flame            Conj/Fire      #.......     100%        3    ####...
 Dazzling Spray           Conj/Hex       #.....       100%        3    ####...
 Mephitic Cloud           Conj/Pois/Air  #.......     100%        3    ####...
 Regeneration             Chrm/Necr      #.........   100%        3    ####...
 Tukima's Dance           Hex            #.......     100%        3    ####...
 Vampiric Draining        Necr           #.........   100%        3    ####...
 Animate Dead             Necr           N/A          100%        4    #####..


Dungeon Overview and Level Annotations

Branches:
Dungeon (15/15)            Temple (1/1) D:6            Lair (6/6) D:11
  Swamp (4/4) Lair:2       Spider (4/4) Lair:2        Slime (0/5) Lair:6
    Orc (2/2) D:11            Elf (0/3) Orc:2        Vaults (0/5) D:14
 Depths (0/5) D:15

Altars:
Ashenzari
Cheibriados
Elyvilon
Hepliaklqana
Kikubaaqudgha
Nemelex Xobeh
Okawaru
Qazlal
Wu Jian
Yredelemnul
Zin
The Shining One
Beogh

Shops:
D:4 *   D:9 %   Orc:1 *   Orc:2 ![?%

Portals:
Trove: D:12 (show slimy rune of Zot)

Annotations:
Lair:1 2 runed translucent doors, Tinylith's ghost, journeyman MfTm


Innate Abilities, Weirdness & Mutations

You reflexively headbutt those who attack you in melee.
You have a pair of horns on your head.
Armour fits poorly on your strangely shaped body.


Message History

The alligator looks frightened!
You block the shambling mangrove's attack.
* * * LOW HITPOINT WARNING * * *
The grasping roots constrict you!
Your plate armour prevents you from hitting the shambling mangrove.
You block the vampire mosquito's attack.
You block the insubstantial wisp's attack.
Unknown command.
You slash the shambling mangrove! You headbutt the shambling mangrove.
The shambling mangrove is lightly damaged.
The vampire mosquito bites you but does no damage.
You block the vampire mosquito's attack.
Unknown command.
You hit the shambling mangrove. You headbutt the shambling mangrove.
The shambling mangrove is moderately damaged.
The vampire mosquito barely misses you. You furiously retaliate!
You headbutt the vampire mosquito, but do no damage.
You block the vampire mosquito's attack.
The shambling mangrove hits you!!
You die...

≈≈≈...≈.≈..≈≈≈≈≈.♣
≈°.≈§§.≈.≈≈≈....≈≈♣
.○....≈≈≈≈.≈....≈♣♣
.°..≈...÷.≈....≈..♣
..≈°○......≈.....♣♣
≈.°≈°...≈...≈≈≈.≈♣♣
≈Z☼☼○.≈...≈..D..≈≈♣
.≈§.≈≈†.≈.≈....yv.♣
≈.≈..≈...≈.k.≈≈y@.♣
.≈....≈≈..≈..≈.f≈.♣
.≈.≈≈...≈≈..≈...≈.♣
≈≈...§§.......≈.≈.♣
≈...≈..≈§≈...≈..≈♣♣
t≈≈.....≈....}....
≈≈.... ≈.....≈t.
..≈≈.≈ .≈..≈..≈.
.≈≈.≈≈.


You could see a shambling mangrove, an alligator (fleeing), a swamp dragon
(fleeing), a swamp drake (fleeing), 2 vampire mosquitoes and an insubstantial
wisp.

Vanquished Creatures
  Arachne (Spider:2)
  Jorgrun (Swamp:3)
  Asterion (Spider:3)
  Frances (D:13)
  A thorn hunter (Swamp:4)
  Roxanne (Swamp:2)
  6 ghost moths
  3 emperor scorpions (Spider:4)
  A very ugly thing (Swamp:1)
  3 entropy weavers
  A spark wasp (Spider:4)
  A red draconian (Volcano)
  A minotaur (Gauntlet)
  An ettin (Orc:2)
  A quicksilver dragon zombie (D:15)
  A death ooze (Gauntlet)
  The ghost of Tinylith the Destroyer, a journeyman DrCj of Sif Muna (D:10)
  2 ice dragons (IceCv)
  4 vault guards (D:14)
  19 hydras
  5 ghost crabs (Swamp:2)
  A death knight (D:9)
  A centaur warrior (D:15)
  3 shambling mangroves (Swamp:3)
  6 two-headed ogres
  13 death yaks
  11 alligators
  9 orc high priests
  A titan zombie (D:15)
  Sonja (Lair:4)
  14 skeletal warriors
  A salamander mystic (Volcano)
  3 unseen horrors
  A sixfirhy (Gauntlet)
  5 spriggan druids
  A flayed ghost (D:15)
  2 wizards (D:9)
  2 swamp dragons
  2 orc knights (Orc:1)
  A wolf spider zombie (D:15)
  28 wolf spiders
  19 orb spiders
  A necromancer (D:15)
  A stone giant zombie (D:15)
  3 orc sorcerers
  3 deep elf magi
  A frost giant zombie (D:15)
  4 cyclopes
  6 manticores
  An ugly thing (D:11)
  12 elephants
  2 moths of wrath
  5 salamanders (Volcano)
  2 ice statues (IceCv)
  4 apocalypse crabs (Swamp:2)
  Joseph (D:10)
  3 gargoyles
  5 black mambas
  3 torpor snails
  Psyche (D:10)
  4 molten gargoyles (D:14)
  34 spiny frogs
  8 rime drakes
  5 komodo dragons
  15 demonic crawlers
  2 efreet
  A kobold demonologist (D:11)
  2 tengu conjurers (D:11)
  3 polar bears
  36 jumping spiders
  8 trolls
  21 hornets
  14 blink frogs (Lair:6)
  10 hippogriffs
  12 tyrant leeches
  A meliai zombie (D:14)
  9 bog bodies
  20 slime creatures
  6 dream sheep (Lair:6)
  Sigmund (D:2)
  A vampire (D:14)
  3 spriggans
  5 shadows
  30 tarantellas
  3 water elementals (D:15)
  46 redbacks
  2 wraiths
  47 yaks
  4 wyverns
  4 hungry ghosts
  4 basilisks
  22 vampire mosquitoes
  Menkaure (D:7)
  25 insubstantial wisps
  4 wargs (Orc:2)
  12 swamp worms
  2 acid dragons
  Edmund (D:6)
  A harpy simulacrum (D:15)
  12 water moccasins
  Duvessa (D:7)
  4 porcupines
  21 orc warriors
  A swamp drake (Swamp:1)
  An eye of draining (D:11)
  18 ice beasts
  5 phantoms
  6 sky beasts
  A black bear (D:10)
  A necrophage (D:7)
  14 ogres
  11 centaurs
  6 wolves (Lair:1)
  8 crocodiles
  2 big kobolds (D:7)
  24 bullfrogs
  A wyvern skeleton (D:13)
  A wyvern zombie (D:12)
  A scorpion (D:8)
  Dowan (D:7)
  A troll zombie (D:11)
  4 wights (D:10)
  3 killer bees (D:10)
  4 howler monkeys
  4 electric eels
  8 crimson imps
  2 quasits (D:10)
  3 bullfrog zombies
  3 centaur skeletons
  10 hounds
  A bullfrog skeleton (D:13)
  43 orc priests
  7 jellies
  29 orc wizards
  Jessica (D:2)
  7 iguanas
  13 worker ants
  A hell rat (Lair:4)
  5 ogre zombies (D:11)
  5 big kobold zombies (Ossuary)
  2 hound zombies
  3 hound skeletons
  A mummy (Ossuary)
  A howler monkey zombie (D:5)
  Robin (D:1)
  6 gnolls
  6 adders
  8 river rats (Lair:4)
  10 shadow imps
  3 ufetubi (Gauntlet)
  An adder skeleton (D:3)
  A worm (D:2)
  3 dart slugs
  8 leopard geckos
  91 orcs
  3 spectral bats (Ossuary)
  6 bats
  8 giant cockroaches
  16 hobgoblins
  8 jackals
  15 kobolds
  4 quokkas
  3 bat simulacra (Ossuary)
  2 frilled lizards
  7 gnoll zombies (Ossuary)
  12 goblins
  2 goblin simulacra (Ossuary)
  5 goblin zombies
  9 hobgoblin zombies
  A jackal zombie (D:8)
  A kobold simulacrum (Ossuary)
  5 kobold zombies (Ossuary)
  2 orc skeletons (D:11)
  16 orc zombies
  9 rats
  4 rat simulacra (Ossuary)
  2 spectral goblins (Ossuary)
  2 spectral kobolds (Ossuary)
  4 spectral rats (Ossuary)
  A briar patch (Swamp:4)
  A bush (Lair:1)
  A fungus (Lair:1)
  A plant (Lair:1)
1257 creatures vanquished.

Vanquished Creatures (others)
  An alligator (Swamp:2)
  A tengu conjurer (D:11)
  A slime creature (Swamp:4)
  A tarantella (Spider:4)
  5 insubstantial wisps (Swamp:4)
  A swamp drake (Swamp:4)
  An orc (Orc:2)
  20 fungi (Lair:6)
  51 plants
  7 withered plants (D:15)
89 creatures vanquished.

Grand Total: 1346 creatures vanquished

Notes
Turn   | Place    | Note
-------+----------+-------------------------------------------
     0 | D:1      | Peloso the Minotaur Fighter began the quest for the Orb.
     0 | D:1      | Reached XP level 1. HP: 19/19 MP: 0/0
   249 | D:1      | Reached XP level 2. HP: 27/27 MP: 1/1
   276 | D:1      | Reached skill level 4 in Shields
   390 | D:1      | Found a snail-covered altar of Cheibriados.
   578 | D:2      | Found a faded altar of an unknown god.
   638 | D:2      | Reached XP level 3. HP: 19/33 MP: 2/2
   697 | D:2      | Noticed Sigmund
   707 | D:2      | Killed Sigmund
   707 | D:2      | Reached skill level 1 in Dodging
   707 | D:2      | Reached skill level 5 in Shields
   707 | D:2      | Reached XP level 4. HP: 26/41 MP: 3/3
   707 | D:2      | Reached XP level 5. HP: 29/47 MP: 4/4
   761 | D:2      | Found a glowing silver altar of Zin.
   852 | D:2      | Noticed Robin
   921 | D:1      | Killed Robin
  1062 | D:2      | Found an ornate altar of the Wu Jian Council.
  1128 | D:2      | Noticed Jessica
  1132 | D:2      | Killed Jessica
  1132 | D:2      | Reached skill level 5 in Fighting
  1132 | D:2      | Reached XP level 6. HP: 56/56 MP: 5/5
  1990 | D:4      | Reached skill level 5 in Armour
  2026 | D:4      | Found a shattered altar of Ashenzari.
  2074 | D:4      | Reached skill level 5 in Long Blades
  2080 | D:4      | Reached XP level 7. HP: 37/61 MP: 6/6
  2428 | D:4      | Found Bniorfill's Bounteous Boutique.
  2567 | D:5      | Entered Level 5 of the Dungeon
  2846 | D:5      | Reached skill level 6 in Shields
  3605 | D:6      | Reached XP level 8. HP: 68/70 MP: 7/7
  3874 | D:6      | Noticed Edmund
  3889 | D:6      | Killed Edmund
  3903 | D:6      | Found a staircase to the Ecumenical Temple.
  3963 | Temple   | Entered the Ecumenical Temple
  3969 | Temple   | Became a worshipper of Warmaster Okawaru
  4271 | D:7      | Noticed a hippogriff
  4280 | D:7      | Killed a hippogriff
  4280 | D:7      | Reached skill level 7 in Shields
  4349 | D:7      | Found a sand-covered staircase.
  4354 | Ossuary  | Entered an ossuary
  4897 | D:7      | Reached XP level 9. HP: 78/78 MP: 8/8
  4923 | D:7      | Found a snail-covered altar of Cheibriados.
  5033 | D:7      | Noticed Duvessa
  5033 | D:7      | Noticed Dowan
  5053 | D:7      | Killed Dowan
  5063 | D:7      | Killed Duvessa
  5063 | D:7      | Reached * piety under Okawaru
  5209 | D:7      | Noticed Menkaure
  5218 | D:7      | Killed Menkaure
  5559 | D:7      | Reached skill level 10 in Long Blades
  5569 | D:7      | Reached skill level 8 in Shields
  5584 | D:7      | Found a white marble altar of Elyvilon.
  5760 | D:8      | Reached ** piety under Okawaru
  6459 | D:4      | Bought a scroll of brand weapon for 200 gold pieces
  6459 | D:4      | Bought a scroll of blinking for 75 gold pieces
  6459 | D:4      | Bought a potion of berserk rage for 50 gold pieces
  6459 | D:4      | Bought a potion of brilliance for 40 gold pieces
  6644 | D:9      | Noticed a two-headed ogre
  6654 | D:9      | Killed a two-headed ogre
  6654 | D:9      | Reached *** piety under Okawaru
  6654 | D:9      | Reached XP level 10. HP: 85/88 MP: 6/9
  6679 | D:9      | Found Rewyog's Food Emporium.
  6794 | D:9      | Found a runed translucent door.
  6794 | D:9      | Found a runed translucent door.
  6794 | D:9      | Noticed a wizard
  6794 | D:9      | Noticed a wizard
  6850 | D:9      | Reached skill level 9 in Shields
  6990 | D:9      | Noticed a gargoyle
  6991 | D:9      | Identified the cursed +1 ring mail of Becistruups {MR+
                  | Str+3}
  6991 | D:9      | Noticed a skeletal warrior
  6999 | D:9      | Killed a gargoyle
  6999 | D:9      | Reached **** piety under Okawaru
  7015 | D:9      | Killed a skeletal warrior
  7015 | D:9      | Reached skill level 10 in Shields
  7073 | D:9      | Noticed a two-headed ogre
  7085 | D:9      | Killed a two-headed ogre
  7164 | D:9      | Got a slimy steel ring
  7179 | D:9      | Identified the ring of Wonder {Ice rN+ Str+2 Int+8 SInv}
                  | (You found it on level 9 of the Dungeon)
  7186 | D:9      | Found a runed translucent door.
  7187 | D:9      | Noticed a cyclops
  7189 | D:9      | Noticed an unseen horror
  7189 | D:9      | Noticed a death knight
  7270 | D:9      | Found a sparkling altar of Nemelex Xobeh.
  7621 | D:9      | Got a polished whip
  7622 | D:9      | Identified the +5 whip of Xadeoced {slash, *Contam rElec
                  | rF+} (You found it on level 9 of the Dungeon)
  7641 | D:10     | Entered Level 10 of the Dungeon
  7659 | D:10     | Noticed Joseph
  7674 | D:10     | Killed Joseph
  7674 | D:10     | Reached XP level 11. HP: 97/97 MP: 8/10
  7754 | D:10     | Reached ***** piety under Okawaru
  7754 | D:10     | Reached skill level 1 in Maces & Flails
  7811 | D:10     | Found a glowing golden altar of the Shining One.
  7855 | D:10     | Noticed Psyche
  7862 | D:10     | Killed Psyche
  8055 | D:10     | Found a runed translucent door.
  8079 | D:10     | You fall through a shaft for 3 floors!
  8181 | D:13     | Reached skill level 11 in Shields
  8212 | D:13     | Reached skill level 5 in Maces & Flails
  8396 | D:13     | Received a gift from Okawaru
  8625 | D:11     | Noticed an unseen horror
  8683 | D:11     | Killed an unseen horror
  8739 | D:11     | Found a staircase to the Orcish Mines.
  8750 | D:11     | Noticed a skeletal warrior
  8750 | D:11     | Noticed a skeletal warrior
  8797 | D:11     | Killed a skeletal warrior
  8820 | D:11     | Killed a skeletal warrior
  8820 | D:11     | Reached skill level 10 in Armour
  8820 | D:11     | Reached skill level 12 in Shields
  8858 | D:11     | Noticed a skeletal warrior
  8874 | D:11     | Killed a skeletal warrior
  9175 | D:10     | Noticed Tinylith's ghost (journeyman DrCj)
  9860 | D:11     | Noticed a soul eater
  9929 | D:11     | Reached XP level 12. HP: 106/106 MP: 11/11
  9941 | D:11     | Reached skill level 10 in Maces & Flails
  9968 | D:11     | Noticed a two-headed ogre
  9979 | D:11     | Killed a two-headed ogre
 10077 | D:11     | Found a staircase to the Lair.
 10615 | Lair:1   | Entered Level 1 of the Lair of Beasts
 10677 | Lair:1   | Reached skill level 10 in Fighting
 10705 | Lair:1   | Reached skill level 13 in Shields
 10934 | Lair:1   | Found a large runed translucent door.
 10938 | Lair:1   | Found a large runed translucent door.
 10938 | Lair:1   | Noticed Tinylith's ghost (journeyman MfTm)
 10987 | Lair:1   | Noticed an eight-headed hydra
 11045 | Lair:1   | Killed an eight-headed hydra
 11045 | Lair:1   | Reached skill level 1 in Invocations
 11045 | Lair:1   | Reached skill level 1 in Evocations
 11758 | Lair:2   | Found a frozen archway.
 11838 | Lair:2   | Received a gift from Okawaru
 12112 | Lair:2   | Found a hole to the Spider Nest.
 12478 | Lair:2   | Found a staircase to the Swamp.
 12801 | Lair:2   | Reached skill level 14 in Shields
 12925 | Lair:3   | Reached XP level 13. HP: 112/114 MP: 13/13
 13581 | Lair:4   | Reached skill level 1 in Stealth
 13815 | Lair:4   | Noticed Sonja
 13829 | Lair:4   | Killed Sonja
 13980 | Lair:4   | You fall through a shaft for 2 floors!
 13980 | Lair:6   | Entered Level 6 of the Lair of Beasts
 13995 | Lair:6   | Found a frozen archway.
 14004 | IceCv    | Entered an ice cave
 14192 | IceCv    | Reached skill level 15 in Shields
 15068 | Lair:4   | Reached ****** piety under Okawaru
 15549 | Lair:4   | Received a gift from Okawaru
 15603 | Lair:4   | Received a gift from Okawaru
 16458 | Lair:5   | Reached skill level 1 in Short Blades
 16458 | Lair:5   | Reached XP level 14. HP: 114/124 MP: 14/14
 16740 | Lair:6   | Found a staircase to the Slime Pits.
 16800 | Lair:6   | Reached skill level 16 in Shields
 17026 | Lair:6   | Received a gift from Okawaru
 17615 | Lair:6   | Received a gift from Okawaru
 17636 | Lair:6   | Got a faintly glowing cloak {god gift}
 17647 | Lair:6   | Identified the +0 cloak of the Midnight Sun {rN+ Stlth+}
                  | (Okawaru gifted it to you on level 6 of the Lair of Beasts)
 17765 | Lair:6   | Found a shattered altar of Ashenzari.
 17897 | Lair:6   | Reached skill level 17 in Shields
 18846 | D:10     | Killed Tinylith's ghost
 19069 | D:9      | Reached XP level 15. HP: 134/134 MP: 15/15
 19110 | D:9      | Got a steaming flail
 19111 | D:9      | Identified the +7 flail "Moriusuts" {drain, +Blink rF-
                  | Str+4} (You found it on level 9 of the Dungeon)
 19372 | D:11     | Received a gift from Okawaru
 19372 | D:11     | Reached skill level 5 in Short Blades
 19742 | D:12     | Found a portal to a secret trove of treasure.
 20385 | D:14     | Noticed Frances
 20400 | D:13     | HP: 3/136 [Frances/+0 mace (17)]
 20404 | D:13     | Killed Frances
 20404 | D:13     | Received a gift from Okawaru
 20817 | D:13     | Got a pitted ring mail {god gift}
 20829 | D:13     | Identified the +3 ring mail of Light {Str+2 Int+2} (Okawaru
                  | gifted it to you on level 13 of the Dungeon)
 21436 | D:14     | Found a gate to the Vaults.
 21472 | D:14     | Reached skill level 18 in Shields
 21497 | D:14     | Reached skill level 15 in Long Blades
 22096 | Orc:1    | Entered Level 1 of the Orcish Mines
 22106 | Orc:1    | Found a dark tunnel.
 22115 | Volcano  | Entered a volcano
 22150 | Volcano  | Received a gift from Okawaru
 22180 | Volcano  | Got an encrusted scimitar {god gift}
 22181 | Volcano  | Identified the +6 scimitar "Vuaczol" {vamp, +Rage} (Okawaru
                  | gifted it to you in a volcano)
 22947 | Orc:2    | Entered Level 2 of the Orcish Mines
 22979 | Orc:2    | Found a gate leading to a gauntlet.
 22988 | Gauntlet | Entered a Gauntlet
 22988 | Gauntlet | Found a transporter.
 22988 | Gauntlet | Found a transporter.
 22996 | Gauntlet | Found a transporter.
 23012 | Gauntlet | Found a transporter.
 23031 | Gauntlet | Found a transporter.
 23046 | Gauntlet | Found a transporter.
 23063 | Gauntlet | Found a transporter.
 23145 | Gauntlet | Found a transporter.
 23155 | Gauntlet | Found a transporter.
 23165 | Gauntlet | Found a transporter.
 23171 | Gauntlet | Found a transporter.
 23173 | Gauntlet | Found a transporter.
 23243 | Gauntlet | Found a transporter.
 23255 | Gauntlet | Found a transporter.
 23273 | Gauntlet | Found a transporter.
 23468 | Gauntlet | Found a transporter.
 23661 | Gauntlet | Received a gift from Okawaru
 23673 | Gauntlet | Got a pair of crude boots {god gift}
 23684 | Gauntlet | Identified the -3 pair of boots of Vyafyoxa {rN+ Regen+
                  | Int-4 SInv} (Okawaru gifted it to you in a Gauntlet)
 23694 | Gauntlet | Got a scintillating pewter ring
 23696 | Gauntlet | Identified the ring of Ahymath {EV+2 Str+6} (You found it
                  | in a Gauntlet)
 23763 | Gauntlet | Identified the ring "Arauluin" {+Inv rC+ Str+4 Int+3
                  | Stlth-}
 24015 | Orc:2    | Paralysed by an orc sorcerer for 4 turns
 24494 | Orc:1    | Found Xyopuvel's General Store.
 24502 | Orc:1    | Bought a scroll of magic mapping for 52 gold pieces
 24502 | Orc:1    | Bought a scroll of enchant armour for 112 gold pieces
 24502 | Orc:1    | Bought a scroll of enchant armour for 112 gold pieces
 24806 | Orc:2    | Found Juedghit's Magic Scroll Boutique.
 24806 | Orc:2    | Found Sukeimn's Food Emporium.
 24810 | Orc:2    | Reached XP level 16. HP: 73/146 MP: 16/16
 25437 | Orc:2    | Found a staircase to the Elven Halls.
 25539 | Orc:2    | Found a roughly hewn altar of Beogh.
 26040 | Orc:2    | Bought a scroll of enchant armour for 105 gold pieces
 26040 | Orc:2    | Bought a scroll of identify for 28 gold pieces
 26088 | Orc:2    | Found Qateg's Distillery.
 26088 | Orc:2    | Found Oxynann's Armour Emporium.
 26114 | Orc:2    | Bought a potion of haste for 140 gold pieces
 26114 | Orc:2    | Bought a potion of berserk rage for 70 gold pieces
 26707 | D:15     | Entered Level 15 of the Dungeon
 27006 | D:15     | Reached skill level 5 in Dodging
 27157 | D:15     | Found a staircase to the Depths.
 27298 | D:15     | Reached skill level 19 in Shields
 27431 | D:15     | Received a gift from Okawaru
 27431 | D:15     | Reached skill level 15 in Armour
 27604 | Lair:1   | Identified a scroll of acquirement
 27725 | Swamp:1  | Entered Level 1 of the Swamp
 28757 | Swamp:2  | Identified Roxanne's Collected Works on the Rocks
 28757 | Swamp:2  | Noticed Roxanne
 28800 | Swamp:2  | Killed Roxanne
 28800 | Swamp:2  | Reached skill level 15 in Fighting
 29264 | Swamp:2  | Received a gift from Okawaru
 29512 | Swamp:2  | Found a runed translucent door.
 30357 | Swamp:2  | Received a gift from Okawaru
 31068 | Swamp:3  | Reached XP level 17. HP: 130/156 MP: 17/17
 31200 | Swamp:3  | Reached skill level 20 in Shields
 31495 | Swamp:3  | Noticed Jorgrun
 31521 | Swamp:3  | Killed Jorgrun
 32304 | Spider:1 | Entered Level 1 of the Spider Nest
 32322 | Spider:1 | Received a gift from Okawaru
 34901 | Spider:1 | Received a gift from Okawaru
 35285 | Spider:2 | Reached skill level 21 in Shields
 35341 | Spider:2 | Noticed Arachne
 35354 | Spider:2 | Killed Arachne
 35354 | Spider:2 | Received a gift from Okawaru
 35371 | Spider:2 | Got an iridescent falchion {god gift}
 35372 | Spider:2 | Identified the +7 falchion of Compound Interest {slice,
                  | -Tele rN++ MR+++ Str-3} (Okawaru gifted it to you on level
                  | 2 of the Spider Nest)
 35761 | Spider:3 | Paralysed by a hornet for 2 turns
 35935 | Spider:3 | Noticed Asterion
 35946 | Spider:3 | Gained mutation: Armour fits poorly on your strangely
                  | shaped body. [a cacodemon]
 35949 | Spider:3 | Killed Asterion
 36925 | Spider:4 | Entered Level 4 of the Spider Nest
 37137 | Spider:4 | Received a gift from Okawaru
 37888 | Spider:4 | Reached XP level 18. HP: 165/167 MP: 18/18
 38429 | Spider:4 | Reached skill level 22 in Shields
 39106 | Spider:4 | Got an ancient dire flail
 39341 | Spider:4 | Got a gossamer rune of Zot
 39814 | Swamp:4  | Entered Level 4 of the Swamp
 39837 | Swamp:3  | Received a gift from Okawaru
 40375 | Swamp:4  | Mangled by a shambling mangrove

Skill      XL: |  1  2  3  4  5  6  7  8  9 10 11 12 13 14 15 16 17 18 |
---------------+-------------------------------------------------------+-----
Shields        | 4 5 6 7 8 10 12 14 15 17 18 19 21 22 | 22.3
Fighting       | 4 5 6 8 9 10 11 12 14 15 16 | 16.8
Armour         | 4 5 6 7 8 10 11 12 13 14 15 16 | 16.3
Long Blades    | 3 4 5 6 9 11 12 14 15 16 17 | 17.1
Dodging        | 1 2 3 4 5 |  5.9
Maces & Flails | 9 13 | 13.0
Invocations    | 1 |  1.9
Evocations     | 2 |  2.0
Stealth        | 1 2 |  2.3
Short Blades   | 1 4 5 |  5.3

Action                   |  1- 3 |  4- 6 |  7- 9 | 10-12 | 13-15 | 16-18 || total
-------------------------+-------+-------+-------+-------+-------+-------++-------
Melee: Long sword        |    64 |   128 |   487 |   234 |   670 |       ||  1583
       Headbutt          |    10 |    27 |   122 |   238 |   578 |   494 ||  1469
       Whip              |       |       |       |   721 |       |       ||   721
       Short sword       |       |       |       |       |   136 |       ||   136
       Demon blade       |       |       |       |       |   793 |  1596 ||  2389
       Scimitar          |       |       |       |       |       |    34 ||    34
Invok: Heroism           |       |       |     1 |    10 |     8 |     7 ||    26
       Finesse           |       |       |       |     1 |       |       ||     1
Evoke: Wand              |       |       |     1 |     6 |     1 |       ||     8
  Use: Potion            |     1 |       |       |     6 |     2 |     6 ||    15
       Scroll            |       |     6 |     5 |     5 |    18 |    11 ||    45
 Stab: Paralysed         |       |       |       |       |     2 |     1 ||     3
  Eat: Chunk             |       |     3 |     5 |    23 |    31 |    28 ||    90
       Ration            |       |       |     3 |     1 |     2 |     7 ||    13
Armor: Scale mail        |    38 |    66 |    14 |       |       |       ||   118
       Chain mail        |       |       |    28 |       |       |       ||    28
       Plate armour      |       |       |   139 |   358 |   668 |   665 ||  1830
Dodge: Dodged            |    25 |    61 |    97 |   221 |   420 |   505 ||  1329
Block: Shield            |    34 |   104 |   213 |   562 |  1076 |   226 ||  2215
       Large shield      |       |       |       |       |       |  1772 ||  1772
       Rpst.: Long sword |     5 |    14 |    19 |    11 |    36 |       ||    85
       Demon blade       |       |       |       |       |    37 |    98 ||   135
       Scimitar          |       |       |       |       |       |     4 ||     4
